 Dungeon Crawl Stone Soup version 0.22-a0 (webtiles) character file.

562 Gorglomux the Insei (level 7, -3/52 HPs)
             Began as a White Draconian Arcane Marksman on Dec 31, 2017.
             Slain by an orc
             ... wielding a +0 trident
              (6 damage)
             ... on level 5 of the Dungeon.
             The game lasted 00:06:27 (3437 turns).

Gorglomux the Insei (DrAM)                          Turns: 3437, Time: 00:06:28

Health: -3/52      AC:  6    Str: 13    XL:     7   Next: 10%
Magic:  8/8        EV: 12    Int: 13    God:
Gold:   9          SH:  0    Dex: 13    Spells: 7/8 levels left

rFire    . . .     SeeInvis .     - Unarmed
rCold    + . .     Gourm    .   (no shield)
rNeg     . . .     Faith    .   (armour unavailable)
rPois    .         Spirit   .   (helmet restricted)
rElec    .         Reflect  .   (no cloak)
rCorr    .         Harm     .   (no gloves)
MR       .....                  (no boots)
Stlth    +.........             (no amulet)
HPRegen  0.17/turn              (no ring)
MPRegen  0.11/turn              (no ring)

@: short of breath
A: breathe frost, unfitting armour, cold resistance 1, cold-blooded, AC +6
a: Breathe Frost


You were on level 5 of the Dungeon.
You were not hungry.

You visited 1 branch of the dungeon, and saw 5 of its levels.

You collected 230 gold pieces.
You spent 221 gold pieces at shops.

Inventory:

Hand Weapons
 a - a +0 hand crossbow
Missiles
 c - 4 bolts
Scrolls
 k - 2 scrolls of remove curse
 m - 2 scrolls of enchant armour
 n - 2 scrolls of immolation
 B - 3 scrolls of blinking
 D - a scroll of magic mapping {unknown}
 R - 3 scrolls of identify
 S - a scroll of enchant weapon {unknown}
 T - a scroll of fear {unknown}
 U - 3 scrolls of teleportation
 W - a scroll of acquirement {unknown}
Potions
 g - 4 potions of haste
 X - a potion of agility
Books
 e - a book of Debilitation

   Spells                             Type                      Level
   a - Corona                         Hexes                        1
   b - Slow                           Hexes                        2
   c - Inner Flame                    Hexes/Fire                   3
   d - Portal Projectile              Hexes/Translocation          3
   e - Cause Fear                     Hexes                        4
   f - Leda's Liquefaction            Hexes/Earth                  4
Comestibles
 d - 10 rations
 V - 4 chunks of flesh


   Skills:
 - Level 1.1 Fighting
 - Level 1.8 Crossbows
 - Level 1.7 Dodging
 + Level 7.5 Unarmed Combat
 - Level 1.0 Spellcasting
 - Level 2.6 Hexes


You had 7 spell levels left.
You knew the following spells:

 Your Spells              Type           Power        Failure   Level  Hunger
a - Corona                Hex            #......      10%         1    ##.....


Dungeon Overview and Level Annotations

Branches:
Dungeon (5/15)
 Temple: D:4-7

Altars:
Kikubaaqudgha
Qazlal
Vehumet

Shops:
D:5 *=*


Innate Abilities, Weirdness & Mutations

You can breathe waves of freezing cold.
You can buffet flying creatures when you breathe cold.
Your icy white scales are hard. (AC +6)
You cannot fit into any form of body armour.
Your flesh is cold resistant. (rC+)
You are cold-blooded and may be slowed by cold attacks.


Message History

You closely miss the orc wizard!
Your tail-slap misses the orc wizard!
The butt wizard butts heavily wounded!
The orc wizard hits you with a dagger! x2 * * * don't die
* * * The orc hits you from afar with a trident! * * * don't die
* * * Unknown command!
You butt better!
The orc wizard butts you with a dagger! * * * don'butt butt
* * * You pummel the orc wizard like a punching bag!
The orc wizard is severely wounded!
The orc wizard points at you and mumbles some strange words!
The puff of flame hits you!!! * * * don't die
* * * The orc barely misses butt!
The orc wizard misses you!
Unknown command!
You miss the orc wizard!
The orc wizard is heavily wounded!
The orc hits you from butt with a trident! rip

. ... .. ..##.# . #. ...#.##..
.. #.# #.......( ..### #..
#.#..((.. ..... #..## #.o.(..#.
..... ...# ##........ ..... ##
#.######@o)%..... .....
#..##..............## .....
#......##..........# . .....
#####.###..........###.#.....
#.###......#..##.........
#...#.........##..#......
###.#......#.............
#######..............##...####.
......#.#............#.........


You could see an orc wizard and an orc.

Vanquished Creatures
  An ogre (D:4)
  3 hounds
  An orc priest (D:5)
  4 orc wizards
  An iguana (D:5)
  A worker ant zombie (D:2)
  4 gnolls (D:4)
  7 adders
  5 worms
  A dart slug (D:3)
  5 leopard geckos
  10 orcs
  A ball python (D:4)
  2 giant cockroaches
  3 goblins (D:3)
  8 hobgoblins
  7 jackals (D:1)
  2 quokkas
  5 bats
  4 frilled lizards
  6 kobolds
  3 rats
84 creatures vanquished.

Vanquished Creatures (others)
  A goblin (D:3)
1 creature vanquished.

Grand Total: 85 creatures vanquished

Notes
Turn   | Place    | Note
-------+----------+-------------------------------------------
     0 | D:1      | Gorglomux the Draconian Arcane Marksman began the quest for the Orb.
     0 | D:1      | Reached XP level 1. HP: 16/16 MP: 2/2
   182 | D:1      | Reached skill level 1 in Unarmed Combat
   256 | D:1      | Reached XP level 2. HP: 18/23 MP: 3/3
   317 | D:1      | Reached skill level 2 in Unarmed Combat
   943 | D:2      | Reached XP level 3. HP: 28/28 MP: 4/4
   995 | D:2      | Reached skill level 3 in Unarmed Combat
  1791 | D:2      | Reached XP level 4. HP: 34/35 MP: 5/5
  1882 | D:2      | Found an ancient bone altar of Kikubaaqudgha.
  2028 | D:3      | Found a stormy altar of Qazlal.
  2030 | D:3      | Noticed a fire elemental
  2030 | D:3      | Noticed an air elemental
  2031 | D:3      | Noticed an earth elemental
  2031 | D:3      | Noticed a water elemental
  2119 | D:3      | Reached skill level 4 in Unarmed Combat
  2380 | D:3      | Reached XP level 5. HP: 27/40 MP: 6/6
  2576 | D:4      | Noticed an ogre
  2583 | D:4      | Killed an ogre
  2583 | D:4      | Reached skill level 5 in Unarmed Combat
  2608 | D:4      | Found a radiant altar of Vehumet.
  2637 | D:4      | Reached skill level 6 in Unarmed Combat
  2637 | D:4      | Reached XP level 6. HP: 47/47 MP: 7/7
  3279 | D:5      | Entered Level 5 of the Dungeon
  3320 | D:5      | Found Nierul's General Store.
  3342 | D:5      | Bought a potion of agility for 56 gold pieces
  3342 | D:5      | Bought a scroll of enchant armour for 105 gold pieces
  3352 | D:5      | Reached skill level 7 in Unarmed Combat
  3353 | D:5      | Found Saogh's Jewellery Emporium.
  3356 | D:5      | Found Buler's General Store.
  3398 | D:5      | Your scales start taking on an icy white colour.
  3398 | D:5      | Reached XP level 7. HP: 41/52 MP: 8/8
  3398 | D:5      | Gained mutation: Your flesh is cold resistant. (rC+) [White Draconian growth]
  3408 | D:5      | Bought 2 scrolls of teleportation for 60 gold pieces
  3437 | D:5      | Slain by an orc

Vault maps used:
D:1:      elethiomel_arrival_infinity_welcomes_careful_drivers
D:2:      marbit_many_paths, minmay_misc_feat_cross
D:3:      nicolae_qazlal_style_of_elements, first_ration
D:4:      vehumet_crystals
D:5:      serial_shops, nicolae_shop_crystal, nicolae_shop_crystal,
          nicolae_shop_crystal, nicolae_shop_trees, shop

Skill      XL: |  1  2  3  4  5  6 |
---------------+-------------------+-----
Unarmed Combat | 1 2 3 4 6 7 |  7.5
Fighting       | |  1.1
Crossbows      | |  1.8
Dodging        | |  1.7
Spellcasting   | |  1.0
Hexes          | |  2.6

Action                   |  1- 3 |  4- 6 |  7- 9 || total
-------------------------+-------+-------+-------++-------
Melee: Unarmed           |    41 |    71 |     8 ||   120
       Tailslap          |     3 |     5 |     2 ||    10
       Punch             |       |     2 |       ||     2
 Fire: Hand crossbow     |    89 |   120 |     7 ||   216
 Cast: Corona            |     3 |       |       ||     3
 Abil: Breathe Frost     |       |       |     1 ||     1
  Use: Scroll            |     1 |     6 |       ||     7
       Potion            |       |     1 |     1 ||     2
 Stab: Sleeping          |       |     1 |       ||     1
  Eat: Chunk             |     1 |     7 |       ||     8
Armor: Skin              |    39 |    42 |     2 ||    83
Dodge: Dodged            |    82 |   115 |    10 ||   207

Table legend:
 A = Spawn XP
 B = Non-spawn XP
 C = Spawn XP percentage of total XP
 D = Spawn monster count
 E = Non-spawn monster count
 F = Spawn count percentage of total count
 G = Total turns spent on level
                    A         B        C        D         E        F      G
               +---------+---------+-------+---------+---------+-------+---------
         Total |       0 |     803 |   0.0 |       0 |      85 |   0.0 |  3437
               +---------+---------+-------+---------+---------+-------+---------
           D:1 |       0 |      35 |   0.0 |       0 |      20 |   0.0 |   917
           D:2 |       0 |      64 |   0.0 |       0 |      14 |   0.0 |  1037
           D:3 |       0 |     111 |   0.0 |       0 |      24 |   0.0 |   558
           D:4 |       0 |     394 |   0.0 |       0 |      19 |   0.0 |   767
           D:5 |       0 |     199 |   0.0 |       0 |       8 |   0.0 |   158
               +---------+---------+-------+---------+---------+-------+---------
